AoeStats
← leofim11

Black Forest

508586174Analyzed
2v2 RM · 9d ago on Sep 23, 2026· 56m 33s· 4 players
Game mode
Random Map
Map size
Medium (4 player)
Population
200
Speed
Normal
Resources
Standard
Victory
Conquest
Starting age
Dark Age
Ending age
Imperial Age
RankedLock teamsTeams togetherTeam positionsShared explorationLock speedFull tech treeHidden civsTurbo modeCheats
Victory
Defeat
🇺🇸 Khmer · United States
859
+15
🇺🇸 Mongols · United States
813
+17
🇨🇱 Spanish · Chile
847
-16
🇦🇷 Britons · Argentina
831
-16
Shavi
10:12 Feudal Age
11:38 Wheelbarrow
10:54 Double-Bit Axe
18:24 Castle Age
17:29 Fletching
19:23 Hand Cart
22:52 Crossbowman
26:32 Bow Saw
29:26 Bodkin Arrow
29:45 Pikeman
32:22 Squires
32:55 Forging
32:46 Scale Mail Armor
36:03 Yeomen
37:57 Gambesons
37:46 Elite Skirmisher
41:37 Imperial Age
39:19 Padded Archer Armor
39:54 Iron Casting
39:38 Chain Mail Armor
40:53 Ballistics
40:32 Murder Holes
41:42 Elite Longbowman
42:34 Warwolf
43:18 Bracer
44:25 Chemistry
44:01 Conscription
44:10 Leather Archer Armor
44:58 Blast Furnace
44:29 Plate Mail Armor
44:44 Caravan
47:22 Plate Mail Armor
47:22 Ring Archer Armor
50:09 Halberdier
mauri90.hermosilla
4:18 Loom
13:37 Feudal Age
17:51 Castle Age
16:58 Double-Bit Axe
17:27 Stone Mining
20:37 Bow Saw
24:55 Horse Collar
28:34 Gold Mining
29:44 Stone Shaft Mining
30:30 Heavy Plow
33:27 Wheelbarrow
33:06 Forging
33:22 Caravan
34:52 Hand Cart
35:49 Fervor
40:43 Imperial Age
40:23 Iron Casting
39:53 Scale Barding Armor
41:34 Cavalier
42:44 Conscription
42:30 Husbandry
43:09 Bloodlines
43:23 Chain Barding Armor
44:04 Blast Furnace
46:52 Onager
48:46 Plate Barding Armor
48:02 Fletching
48:20 Padded Archer Armor
48:21 Paladin
54:40 Chemistry
54:00 Ballistics
leofim11
1:06 Loom
12:29 Feudal Age
14:05 Wheelbarrow
14:26 Stone Mining
14:29 Double-Bit Axe
14:26 Horse Collar
15:28 Gold Mining
20:16 Town Watch
23:16 Castle Age
24:45 Bow Saw
24:36 Heavy Plow
26:41 Forging
26:37 Scale Barding Armor
26:30 Light Cavalry
30:00 Hand Cart
30:13 Husbandry
33:16 Bloodlines
33:29 Fletching
35:55 Town Patrol
36:23 Bodkin Arrow
36:28 Padded Archer Armor
43:33 Imperial Age
43:54 Ballistics
45:36 Caravan
49:00 Elite Mangudai
52:17 Bracer
54:13 Chain Barding Armor
maximusthefirst
0:35 Loom
12:55 Feudal Age
14:13 Wheelbarrow
13:25 Double-Bit Axe
13:24 Horse Collar
20:59 Castle Age
19:37 Stone Mining
22:04 Hand Cart
22:03 Bow Saw
22:03 Heavy Plow
28:28 Fortified Wall
29:02 Bloodlines
30:21 Town Watch
30:36 Gold Mining
31:38 Stone Shaft Mining
31:21 Husbandry
32:06 Town Patrol
32:25 Light Cavalry
37:16 Imperial Age
35:04 Murder Holes
35:22 Masonry
35:05 Fletching
35:21 Scale Barding Armor
36:40 Ballistics
36:17 Bodkin Arrow
36:33 Forging
38:14 Chain Barding Armor
38:23 Conscription
38:40 Hoardings
38:39 Crop Rotation
39:11 Chemistry
39:15 Gold Shaft Mining
38:18 Hussar
39:46 Iron Casting
40:00 Bracer
40:09 Siege Engineers
40:10 Elite Ballista Elephant
40:53 Tusk Swords
41:33 Plate Barding Armor
41:59 Blast Furnace
41:55 Architecture
41:55 Double Crossbow
42:59 Cavalier
43:01 Elite Battle Elephant
47:49 Caravan
50:35 Capped Ram
50:39 Heavy Scorpion
54:15 Siege Ram
Connection lost

Rejoining the realm…

Still unreachable

The connection could not be restored.

Session expired

The server has moved on; the page needs a fresh start.